 Dungeon Crawl Stone Soup version 0.19.1 (webtiles) character file.

3722 Ladykiller69 the Cleaver (level 10, 0/71 HPs)
             Began as a Formicid Fighter on Dec 16, 2016.
             Was a Follower of Cheibriados.
             Killed from afar by an electric eel (7 damage)
             ... with a bolt of electricity
             ... on level 11 of the Dungeon.
             The game lasted 00:18:39 (7528 turns).

Ladykiller69 the Cleaver (Formicid Fighter)         Turns: 7528, Time: 00:18:40

Health: 0/71       AC: 13    Str: 23    XL:     10   Next: 36%
Magic:  10/10      EV:  8    Int: 13    God:    Cheibriados [*.....]
Gold:   462        SH: 12    Dex: 12    Spells: 0 memorised, 9 levels left

rFire  . . .     SeeInvis +     a - +0 war axe
rCold  . . .     Gourm    .     B - +0 chain mail
rNeg   . . .     Faith    .     c - +0 shield
rPois  +         Spirit   .     (helmet unavailable)
rElec  .         Reflect  .     O - +2 cloak {rPois}
rCorr  .         Harm     .     s - +0 pair of gloves
MR     +....                    (no boots)
Stlth  ..........               (no amulet)
                                (no ring)
                                (no ring)

@: lethally poisoned (0 -> -1), very slow
A: permanent stasis, dig shafts and tunnels, four strong arms, antennae 3
a: Dig, Shaft Self, Bend Time, Renounce Religion


You were on level 11 of the Dungeon.
You worshipped Cheibriados.
Cheibriados was aware of your devotion.
You were not hungry.

You visited 2 branches of the dungeon, and saw 11 of its levels.

You collected 462 gold pieces.

Inventory:

Hand Weapons
 a - a +0 war axe (weapon)
 E - a +1 halberd of flaming
 M - a +1 hand axe of flaming
Missiles
 h - 305 stones
 y - 8 javelins (quivered)
 A - 10 tomahawks
 D - 2 throwing nets
Armour
 b - a +0 scale mail
 c - a +0 shield (worn)
 s - a +0 pair of gloves (worn)
 B - a +0 chain mail (worn)
 F - a +0 cloak
 O - a +2 cloak of poison resistance (worn)
Jewellery
 l - a cursed ring of loudness {unknown}
 x - an uncursed ring of see invisible {unknown}
 z - an uncursed amulet of magic regeneration {unknown}
 H - an uncursed ring of protection from fire {unknown}
 Y - an uncursed ring of flight {unknown}
Wands
 C - a wand of random effects (25/48)
 I - a wand of confusion (29/48)
 L - a wand of slowing (26/48)
 R - a wand of slowing (39/48)
 S - a wand of disintegration (12/24)
Scrolls
 e - a scroll of blinking {unknown}
 j - 2 scrolls of enchant armour {unknown}
 m - 11 scrolls of identify {unknown}
 n - 2 scrolls of enchant weapon {unknown}
 p - a scroll of amnesia {unknown}
 q - 6 scrolls of remove curse {unknown}
 r - 4 scrolls of teleportation {unknown}
 t - 4 scrolls of recharging {unknown}
 u - a scroll of fog {unknown}
 N - a scroll of silence {unknown}
 V - a scroll of magic mapping {unknown}
 W - a scroll of random uselessness {unknown}
Potions
 d - 3 potions of might
 g - 2 potions of cancellation {unknown}
 i - 5 potions of curing
 k - 2 potions of degeneration {unknown}
 v - 2 potions of agility {unknown}
 G - 2 potions of brilliance {unknown}
 K - 4 potions of mutation {unknown}
 T - a potion of flight {unknown}
 U - a potion of cure mutation {unknown}
 X - a potion of ambrosia {unknown}
Books
 J - a book of Cantrips

   Spells                             Type                      Level
   a - Confusing Touch                Hexes                        1
   b - Animate Skeleton               Necromancy                   1
   c - Summon Small Mammal            Summoning                    1
   d - Apportation                    Translocation                1
 Q - a book of Minor Magic

   Spells                             Type                      Level
   a - Magic Dart                     Conjuration                  1
   b - Blink                          Translocation                2
   c - Call Imp                       Summoning                    2
   d - Repel Missiles                 Charms/Air                   2
   e - Slow                           Hexes                        2
   f - Conjure Flame                  Conjuration/Fire             3
   g - Mephitic Cloud                 Conjuration/Poison/Air       3
Comestibles
 f - 9 bread rations
 o - a slice of pizza
 w - 3 meat rations
 P - 9 fruits
 Z - 4 chunks of flesh


   Skills:
 - Level 4.0 Fighting
 * Level 12.1 Axes
 - Level 4.0 Armour
 - Level 9.0 Shields


You had 9 spell levels left.
You didn't know any spells.

Dungeon Overview and Level Annotations

Branches:
Dungeon (9/15)             Temple (1/1) D:7            Lair (0/6) D:11
    Orc: D:9-12

Altars:
Cheibriados
Fedhas
Hepliaklqana
Kikubaaqudgha
Makhleb
Okawaru
Qazlal
Sif Muna
Trog
Uskayaw
Xom
Zin
The Shining One

Shops:
D:6 %


Innate Abilities, Weirdness & Mutations

You are under a permanent stasis effect.
You can dig through walls and to a lower floor.
Your four strong arms can wield two-handed weapons with a shield.
You have a pair of large antennae on your head. (SInv)


Message History

You feel sick. You block the hornet's attack. x2
A shaft appears beneath you!
You fall through a shaft for 2 floors!
The shaft crumbles and collapses. 2 jackals, 2 hounds, a wolf and 2 electric eels come into view.
The hound barks!
The wolf howls!
The jackal barks! x2
Found 18 gold pieces and 15 arrows.
Found a stone staircase leading up and a staircase to the Lair.
You feel sick.
The electric eel shoots out a bolt of lightning at you!
The bolt of electricity hits you!
* * * LOW HITPOINT WARNING * * *
2 hounds come into view.
The hound barks!
You extend your mandibles.
You dig through the rock wall.
You feel sick.
The hound barks!
The electric eel shoots out a bolt of lightning at you!
The bolt of electricity hits the hound.
The bolt of electricity hits you!
You die...

###..≈≈≈....
...≈≈≈≈....
#...≈h.h.>.
#...≈≈≈hh..
#..≈h≈h.;.≈
#....≈≈≈≈≈≈
##....≈≈≈≈≈≈
#@..h≈;.≈.≈≈
##.....≈.≈≈.
#(.≈.$≈.≈.≈
#...........
.............
###<..##.#####
##... ..# #...
..#


You could see a wolf, 3 hounds, an electric eel and 2 jackals.

Vanquished Creatures
  A two-headed ogre (D:8)
  Prince Ribbit (D:5)
  A hornet (D:9)
  A wyvern (D:8)
  Eustachio (D:3)
  The ghost of Uhlv the Skirmisher, an amateur FoAK of Lugonu (D:4)
  A hungry ghost (D:7)
  Menkaure (D:4)
  A water moccasin (D:7)
  2 ice beasts
  A sky beast (D:5)
  4 ogres
  A bullfrog (D:6)
  A gnoll sergeant (D:4)
  3 wights (D:8)
  4 howler monkeys
  9 crimson imps
  A centaur skeleton (D:6)
  3 hounds
  5 orc wizards
  2 bullfrog zombies
  An orc priest (D:4)
  Crazy Yiuf (D:6)
  2 iguanas
  9 worker ants
  A hound zombie (D:5)
  2 hound skeletons (D:4)
  11 gnolls
  A worker ant zombie (D:5)
  5 adders
  3 shadow imps
  2 oozes
  2 adder skeletons
  A worm (D:3)
  10 dart slugs
  9 leopard geckos
  26 orcs
  4 ball pythons
  6 bats
  6 giant cockroaches
  4 goblins
  3 hobgoblins
  2 jackals (D:2)
  A quokka (D:7)
  8 frilled lizards
  A giant cockroach zombie (D:6)
  13 kobolds
  11 rats
190 creatures vanquished.

Vanquished Creatures (others)
  2 plants (D:1)
2 creatures vanquished.

Grand Total: 192 creatures vanquished

Notes
Turn   | Place    | Note
-------+----------+-------------------------------------------
     0 | D:1      | Ladykiller69 the Formicid Fighter began the quest for the Orb.
     0 | D:1      | Reached XP level 1. HP: 18/18 MP: 1/1
   143 | D:1      | Reached XP level 2. HP: 24/24 MP: 2/2
   469 | D:1      | Reached XP level 3. HP: 29/29 MP: 3/3
   646 | D:1      | Found a glowing golden altar of the Shining One.
  1139 | D:2      | Reached XP level 4. HP: 37/37 MP: 4/4
  1606 | D:3      | Reached skill level 3 in Axes
  1674 | D:3      | Reached XP level 5. HP: 27/42 MP: 5/5
  1923 | D:3      | Found a shimmering altar of Xom.
  1948 | D:3      | Reached skill level 4 in Axes
  1990 | D:3      | Reached XP level 6. HP: 48/48 MP: 6/6
  2115 | D:4      | Reached skill level 5 in Shields
  2281 | D:4      | Noticed Uhlv's ghost (amateur FoAK)
  2412 | D:4      | Reached skill level 5 in Axes
  2550 | D:4      | Noticed Menkaure
  2572 | D:4      | Killed Menkaure
  2572 | D:4      | Reached XP level 7. HP: 9/54 MP: 7/7
  2740 | D:4      | Noticed Eustachio
  2849 | D:3      | Killed Eustachio
  2849 | D:3      | Reached skill level 6 in Axes
  3116 | D:4      | Killed Uhlv's ghost
  3116 | D:4      | Reached XP level 8. HP: 36/60 MP: 8/8
  3447 | D:4      | Reached skill level 7 in Axes
  4682 | D:5      | Entered Level 5 of the Dungeon
  4724 | D:5      | Noticed Prince Ribbit
  4739 | D:5      | Reached skill level 8 in Axes
  5030 | D:5      | Reached XP level 9. HP: 36/65 MP: 9/9
  5151 | D:5      | Reached skill level 9 in Axes
  5499 | D:5      | Killed Prince Ribbit
  5781 | D:6      | Found Abuvvur's Gadget Shop.
  5982 | D:6      | Found a runed door.
  5986 | D:6      | Noticed Crazy Yiuf
  5989 | D:6      | Killed Crazy Yiuf
  5989 | D:6      | Reached skill level 10 in Axes
  6130 | D:6      | Found Deloipu's Food Boutique.
  6816 | D:7      | Reached XP level 10. HP: 68/71 MP: 10/10
  6842 | D:7      | Found a staircase to the Ecumenical Temple.
  6877 | Temple   | Entered the Ecumenical Temple
  6896 | Temple   | Became a worshipper of Cheibriados the Contemplative
  7070 | D:8      | Reached skill level 11 in Axes
  7511 | D:9      | Reached * piety under Cheibriados
  7511 | D:9      | Reached skill level 12 in Axes
  7525 | D:9      | You fall through a shaft for 2 floors!
  7525 | D:11     | Found a staircase to the Lair.
  7528 | D:11     | Killed from afar by an electric eel

Skill      XL: |  1  2  3  4  5  6  7  8  9 10 |
---------------+-------------------------------+-----
Shields        | 4 5 6 7 9 |  9.0
Armour         | 4 |  4.0
Fighting       | 4 |  4.0
Axes           | 3 4 5 6 8 10 12 | 12.1

Action                   |  1- 3 |  4- 6 |  7- 9 | 10-12 || total
-------------------------+-------+-------+-------+-------++-------
Melee: War axe           |   123 |   176 |   481 |   114 ||   894
Throw: Javelin           |       |       |     4 |     4 ||     8
 Abil: Dig               |     1 |     4 |     5 |     2 ||    12
       Shaft Self        |       |       |       |     1 ||     1
  Use: Potion            |       |       |     1 |       ||     1
  Eat: Chunk             |     1 |     4 |    13 |     5 ||    23
       Bread ration      |       |       |     1 |       ||     1
Armor: Scale mail        |    57 |    21 |       |       ||    78
       Chain mail        |       |    51 |   241 |    33 ||   325
Dodge: Dodged            |    35 |    45 |   149 |    23 ||   252
Block: Shield            |    74 |    71 |   248 |    50 ||   443
